 Dungeon Crawl Stone Soup version 0.29-a0-337-g68df138881 (webtiles) character file.

Game seed: 876481197680960530

36 Morbidden the Gusty (level 3, 0/25 HPs)
             Began as a Demonspawn Air Elementalist on Apr 16, 2022.
             Slain by Terence
             ... wielding a +0 hand axe
              (6 damage)
             ... on level 2 of the Dungeon.
             The game lasted 00:01:57 (1727 turns).

Morbidden the Gusty (Demonspawn Air Elementalist)   Turns: 1727, Time: 00:01:57

Health: 0/25       AC:  3    Str:  8    XL:     3   Next: 19%
Magic:  2/6        EV: 12    Int: 18    God:
Gold:   43         SH:  0    Dex: 13    Spells: 3/6 levels left

rFire   . . .      SeeInvis .   a - +0 dagger
rCold   . . .      Faith    .   (no shield)
rNeg    . . .      Spirit   .   d - +0 robe
rPois   .          Reflect  .   (no helmet)
rElec   .          Harm     .   (no cloak)
rCorr   .          Rampage  .   (no gloves)
Will    .....                   (no boots)
Stlth   ++........              (no amulet)
HPRegen 0.08/turn               (no ring)
MPRegen 0.20/turn               (no ring)

@: very slightly contaminated
A: magic regeneration, sharp scales 1
a: no special abilities


You were on level 2 of the Dungeon.
You visited 1 branch of the dungeon, and saw 2 of its levels.

You collected 43 gold pieces.

Inventory:

Hand Weapons
 a - a +0 dagger (weapon)
Armour
 d - a +0 robe (worn)
Scrolls
 c - a scroll of vulnerability {unknown}
 f - a scroll of identify {unknown}
Potions
 b - a potion of magic
 e - a potion of heal wounds


   Skills:
 * Level 0.3 Fighting
 * Level 1.8 Dodging
 + Level 1.8 Stealth
 * Level 2.1 Spellcasting
 * Level 1.5 Conjurations
 * Level 3.5 Air Magic


You had 3 spell levels left.
You knew the following spells:

 Your Spells              Type           Power      Damage    Failure   Level
a - Shock                 Conj/Air       44%        1d5       6%          1
b - Static Discharge      Conj/Air       11%        N/A       10%         2

Your spell library contained the following spells:

 Spells                   Type           Power      Damage    Failure   Level
 Swiftness                Air            14%        N/A       13%         3
 Ensorcelled Hibernation  Hex/Ice        2%         N/A       26%         2
 Spider Form              Tmut/Pois      1%         N/A       47%         3
 Airstrike                Air            7%         N/A       38%         4
 Anguish                  Hex/Necr       0%         N/A       87%         4


Dungeon Overview and Level Annotations

Branches:
Dungeon (2/15)

Altars:

Annotations:
D:2 Terence


Innate Abilities, Weirdness & Mutations

You regenerate magic rapidly.
You are partially covered in razor-sharp scales. (AC +1, Slay +1)


Message History

Casting: Shock (safe; 6% risk of failure)
Confirm with . or Enter, or press ? or * to list all spells.
Aiming: Shock (safe; 6% risk of failure)
Press: ? - help, Shift-Dir - straight line, f/p - Terence
Aim: Terence, wielding a +0 hand axe and wearing a +0 chain mail (77% to hit)
The zap hits Terence.
Terence is lightly wounded.
Unknown command.
Unknown command.
It was a potion of heal wounds.
You feel much better. Terence hits you with a +0 hand axe.
Unknown command.
It was a potion of curing.
You feel better. Terence hits you with a +0 hand axe!
Unknown command.
Casting: Shock (safe; 6% risk of failure)
Confirm with . or Enter, or press ? or * to list all spells.
Aiming: Shock (safe; 6% risk of failure)
Press: ? - help, Shift-Dir - straight line, f/p - Terence
Aim: Terence, wielding a +0 hand axe and wearing a +0 chain mail (lightly wounded, 77% to hit)
The zap hits Terence.
Terence is moderately wounded.
Terence hits you with a +0 hand axe!
Casting: Shock (safe; 6% risk of failure)
Confirm with . or Enter, or press ? or * to list all spells.
Aiming: Shock (safe; 6% risk of failure)
Press: ? - help, Shift-Dir - straight line, p - Terence The zap hits Terence but does no damage.
Terence is lightly wounded.
The zap misses Terence.
Terence hits you with a +0 hand axe.
* * * LOW HITPOINT WARNING * * *
Unknown command.
Casting: Shock (safe; 6% risk of failure)
Confirm with . or Enter, or press ? or * to list all spells.
Aiming: Shock (safe; 6% risk of failure)
Press: ? - help, Shift-Dir - straight line You miscast Shock.
You are very lightly contaminated with residual magic.
Nothing appears to happen.
Terence hits you with a +0 hand axe.
You die...

#.# #.# #.# #.#
#.###.### #.# #####
#.......# #.#
......#####.#'###)###
......'..........[.>#
......##.##.......#.#
...... #@##.........#
:...@. #@####...†.###
... .†##.########.#
### ..#.....####.#
#.##.#..#.......# .#
#.#.....#....#### ..
#.......#....#
.####.##.##....## ..#
#@##.##.....# #.#
#.##.##.....#


You could see Terence.

Vanquished Creatures
  2 dart slugs
  5 bats
  4 endoplasms (D:1)
  2 giant cockroaches
  3 goblins (D:1)
  3 hobgoblins
  3 quokkas
  2 frilled lizards
  3 kobolds
  A rat (D:1)
28 creatures vanquished.

Notes
Turn   | Place    | Note
-------+----------+-------------------------------------------
     0 | D:1      | Morbidden the Demonspawn Air Elementalist began the quest
                  | for the Orb.
     0 | D:1      | Reached XP level 1. HP: 13/13 MP: 3/3
     6 | D:1      | Noticed a swamp drake
     6 | D:1      | Noticed a wolf
     7 | D:1      | Noticed a snapping turtle
     7 | D:1      | Noticed a black bear
   233 | D:1      | Reached skill level 3 in Air Magic
   419 | D:1      | Gained mutation: You are partially covered in razor-sharp
                  | scales. (AC +1, Slay +1) [demonic ancestry]
   419 | D:1      | Reached XP level 2. HP: 19/19 MP: 3/5
   709 | D:1      | Learned a level 2 spell: Static Discharge
  1197 | D:2      | Noticed Terence
  1346 | D:2      | Gained mutation: You regenerate magic rapidly. [demonic
                  | ancestry]
  1346 | D:2      | Reached XP level 3. HP: 21/24 MP: 4/6
  1727 | D:2      | Slain by Terence

Illustrated notes

Levels and vault maps discovered:
D:1:      onia_arrival_zoo_common, layout_basic
D:2:      layout_basic, chequers_serial_rivers_small_3, due_unseen_surprise,
          uniq_terence

Skill      XL: |  1 |
---------------+----+-----
Air Magic      | 3 |  3.5
Fighting       | |  0.3
Dodging        | |  1.8
Stealth        | |  1.8
Spellcasting   | |  2.1
Conjurations   | |  1.5

Action                   || total
-------------------------++-------
Melee: Unarmed           ||    15
       Dagger            ||    16
       Punch             ||     1
 Cast: Shock             ||    75
       Static Discharge  ||     1
  Use: Potion            ||     2
Armor: Robe              ||     3
Dodge: Dodged            ||    29

Table legend: (Time is in decaauts)
 A = Elapsed time spent in this place.
 B = Non-inter-level travel time spent in this place.
 C = Inter-level travel time spent in this place.
 D = Time resting spent in this place.
 E = Time spent auto-exploring this place.
 F = Levels seen in this place.
 G = Mean time per level.
                   A        B        C        D        E       F      G
               +--------+--------+--------+--------+--------+-----+--------+
         Total |   1727 |   1692 |     35 |    428 |   1056 |   2 |  863.5 |
       Dungeon |   1727 |   1692 |     35 |    428 |   1056 |   2 |  863.5 |
               +--------+--------+--------+--------+--------+-----+--------+

Top non-repeatable levels by time:
     D:1: 1218 daAuts
     D:2: 509 daAuts
